 Dungeon Crawl Stone Soup version 0.31.0-11-ge490571c62 (webtiles) character file.

Game seed: 17296176960978822007

19141 Armakuni the Thaumaturge (level 12, -14/68 HPs)
             Began as a Deep Elf Gladiator on Jan 26, 2024.
             Was a High Priest of Vehumet.
             Killed from afar by a will-o-the-wisp (20 damage)
             ... with a foxfire
             ... on level 2 of the Lair of Beasts.
             The game lasted 01:13:38 (14837 turns).

Armakuni the Thaumaturge (Deep Elf Gladiator)      Turns: 14837, Time: 01:13:39

Health: -14/68     AC: 16    Str: 13    XL:     12   Next: 33%
Magic:  22/30      EV: 14    Int: 28    God:    Vehumet [*****.]
Gold:   218        SH:  0    Dex: 16    Spells: 8/36 levels left

rFire   . . .        a - staff of conjuration
rCold   . . .        (no shield)
rNeg    . . .        z - +0 troll leather armour
rPois   .            g - +2 helmet {Int+3}
rElec   +            G - +1 cloak of Ryn Vowko {rElec}
rCorr   .            B - +0 pair of gloves of Dithmenos's Outrage {Fly Str+2}
SInv    .            (no boots)
Will    +....        (no amulet)
Stlth   +            A - +4 ring of protection
HPRegen 1.11/turn    I - +6 ring of intelligence
MPRegen 0.22/turn

%: clarity
@: flying, studying Axes
A: iridescent scales 1, clarity
a: Renounce Religion


You were on level 2 of the Lair of Beasts.
You worshipped Vehumet.
Vehumet was extremely pleased with you.
You visited 3 branches of the dungeon, and saw 13 of its levels.
You also visited: Bailey and Ice Cave.

You collected 692 gold pieces.
You spent 474 gold pieces at shops.

Inventory:

Hand Weapons
 b - the +7 staff of the Meek {protect, meekguard}
   (You took it off a gnoll on level 6 of the Dungeon)
 H - a +1 demon whip of freezing
Missiles
 j - 4 curare-tipped darts
 u - 12 throwing nets
Armour
 g - a +2 helmet of intelligence (worn)
 i - a +2 leather armour of willpower
 z - a +0 troll leather armour (worn)
 B - the +0 pair of gloves of Dithmenos's Outrage (worn) {Fly Str+2}
   (You found it on level 9 of the Dungeon)

   Str+2:     It affects your strength (+2).
   Fly:       It grants you flight.
 G - the +1 cloak of Ryn Vowko (worn) {rElec}
   (You bought it in a shop on level 5 of the Dungeon)

   rElec:     It insulates you from electricity.
Magical Staves
 a - a staff of conjuration (weapon)
 v - a staff of cold
Jewellery
 d - a ring of flight
 A - a +4 ring of protection (left hand)
 F - a ring of fire
 I - a +6 ring of intelligence (right hand)
 J - a ring of ice
 W - a ring of wizardry
Talismans
 r - a talisman of death
Wands
 c - a wand of charming (3)
Scrolls
 f - 2 scrolls of noise
 h - 2 scrolls of fear
 k - 2 scrolls of vulnerability
 l - 2 scrolls of amnesia
 m - a scroll of silence
 t - 2 scrolls of enchant weapon
 x - a scroll of enchant armour
 y - a scroll of poison
 C - 3 scrolls of teleportation
 L - a scroll of brand weapon
Potions
 e - a potion of haste
 n - 2 potions of enlightenment
 o - 2 potions of brilliance {unknown}
 q - a potion of cancellation {unknown}
 s - 3 potions of might {unknown}
 w - a potion of lignification {unknown}
 D - 4 potions of curing
 X - 2 potions of mutation
Miscellaneous
 p - a box of beasts (inert)
 E - a phial of floods (inert)


   Skills:
 - Level 5.0 Fighting
 - Level 3.4 Short Blades
 - Level 5.0 Staves
 - Level 2.0 Throwing
 - Level 4.2 Armour
 - Level 5.0 Dodging
 - Level 12.9 Spellcasting
 - Level 10.0 Conjurations
 + Level 8.3 Fire Magic
 - Level 3.0 Ice Magic
 - Level 3.0 Air Magic
 - Level 4.0 Earth Magic
 - Level 6.0 Alchemy
 - Level 5.0 Evocations


You had 8 spell levels left.
You knew the following spells:

 Your Spells              Type           Power      Damage    Failure   Level
a - Stone Arrow           Conj/Erth      100%       3d13      1%          3
i - Ignite Poison         Fire/Alch      55%        N/A       1%          4
j - Freezing Cloud        Conj/Ice/Air   32%        6-21      3%          5
p - Fulminant Prism       Conj/Alch      38%        3d18      1%          4
r - Olgreb's Toxic Radia  Alch           51%        N/A       1%          4
s - Starburst             Conj/Fire      40%        6d12      3%          6
z - Searing Ray           Conj           100%       2d8       1%          2

Your spell library contained the following spells:

 Spells                   Type           Power      Damage    Failure   Level
 Freeze                   Ice            100%       1d10      1%          1
 Magic Dart               Conj           100%       1d8       1%          1
 Sting                    Conj/Alch      100%       1d9       1%          1
 Cigotuvi's Dreadful Rot  Necr/Alch/Air  68%        N/A       1%          2
 Mercury Vapours          Alch/Air       86%        N/A       1%          2
 Static Discharge         Conj/Air       100%       3-8/arc   1%          2
 Summon Small Mammal      Summ           72%        N/A       3%          1
 Ensorcelled Hibernation  Hex/Ice        52%        N/A       3%          2
 Airstrike                Air            17%        2d(3-19)  3%          4
 Summon Ice Beast         Ice/Summ       26%        N/A       6%          3
 Summon Blazeheart Golem  Fire/Summ      41%        N/A       7%          4
 Call Canine Familiar     Summ           18%        N/A       11%         3
 Fugue of the Fallen      Necr           18%        N/A       11%         3
 Animate Armour           Summ/Erth      58%        N/A       16%         4
 Summon Lightning Spire   Summ/Air       26%        N/A       21%         4
 Anguish                  Hex/Necr       9%         N/A       36%         4
 Sculpt Simulacrum        Ice/Alch       21%        N/A       65%         6
 Ozocubu's Refrigeration  Ice            17%        4d11      89%         7
 Lehudib's Crystal Spear  Conj/Erth      36%        10d9      96%         8
 Discord                  Hex            9%         N/A       100%        8


Dungeon Overview and Level Annotations

Branches:
Dungeon (10/15)            Temple (1/1) D:5            Lair (2/5) D:10
  Swamp (0/4) Lair:2          Orc (0/2) D:10         Bailey (visited)
  IceCv (visited)
  Snake: Lair:2-3    Spider: Lair:2-3

Altars:
Ashenzari
Cheibriados
Dithmenos
Elyvilon
Fedhas
Gozag
Hepliaklqana
Kikubaaqudgha
Makhleb
Nemelex Xobeh
Okawaru
Qazlal
Ru
Sif Muna
Trog
Uskayaw
Vehumet
Wu Jian
Xom
Yredelemnul
Zin
The Shining One

Shops:
D:5 [   D:7 [   D:10 (

Annotations:
D:3 2 transporters, ardi's ghost, weakling DESu
Lair:1 2 transporters, Lurrus's ghost, journeyman KoBr


Innate Abilities, Weirdness & Mutations

You are partially covered in iridescent scales. (AC +2)
You possess an exceptional clarity of mind.


Message History

Press ? for a list of commands and other information.
Unknown command.
Unknown command.
The foxfire hits you but does no damage. x2
The will-o-the-wisp gestures.
The will-o-the-wisp conjures some marshlight! 2 foxfires come into view.
Aiming: Stone Arrow (safe; 1% risk of failure)
Press: ? - help, Q - select action, (/) - cycle Shift-Dir - straight line, f - will-o-the-wisp
Aim: a will-o-the-wisp (78% to hit)
You feel a surge of power!
The stone arrow hits the foxfire!!
The foxfire is lightly damaged.
The foxfire hits you. The foxfire hits you!!
The will-o-the-wisp gestures.
The will-o-the-wisp conjures some marshlight! 2 foxfires come into view.
Casting: Stone Arrow (safe; 1% risk of failure)
Confirm with . or Enter, or press ? or * to list all spells.
Aiming: Freezing Cloud (dangerous; 3% risk of failure)
Press: ? - help, Dir - move target, p - will-o-the-wisp
Okay, then.
Aiming: Stone Arrow (safe; 1% risk of failure)
Press: ? - help, Q - select action, (/) - cycle Shift-Dir - straight line, f/p - will-o-the-wisp
Aim: a will-o-the-wisp (thin mist, 78% to hit)
You feel a surge of power!
The stone arrow hits the will-o-the-wisp!!
The will-o-the-wisp is heavily damaged.
The will-o-the-wisp gestures.
The will-o-the-wisp conjures some marshlight!
The foxfire hits you! The foxfire hits you!!
* * * LOW HITPOINT WARNING * * *
2 foxfires come into view.
Aiming: Stone Arrow (safe; 1% risk of failure)
Press: ? - help, Q - select action, (/) - cycle Shift-Dir - straight line, f/p - will-o-the-wisp
Aim: a will-o-the-wisp (heavily damaged, 78% to hit)
You feel a surge of power!
The stone arrow hits the will-o-the-wisp!
The will-o-the-wisp is almost destroyed.
The foxfire hits you!!
You die...

..... .....?.. .....#
............... ......
............... ......#
.............. .......
##............. ....?..
#..............
....../###.#............
.....§v@................
.§§.§§v...............<#
.§.§§§.^####..........##
§§§v§.... #.#.........P.
§§§§..... ######........
§§§§###### ###..######
#.## #.##..#.### ..
###.....###.
###.........#.


You could see a will-o-the-wisp.

Vanquished Creatures
  A reaper (IceCv)
  A two-headed ogre (D:10)
  A tengu warrior (D:9)
  The ghost of sanka the Grappler, a novice TrMo of Okawaru (D:7)
  2 ugly things
  A gargoyle (D:10)
  An ice statue (IceCv)
  2 cane toads (Lair:1)
  Jeremiah (D:8)
  4 komodo dragons (Lair:1)
  3 trolls
  A hornet (D:8)
  A wraith (D:5)
  A shadow (D:10)
  2 slime creatures (D:9)
  3 wyverns
  A dire elephant simulacrum (IceCv)
  A vampire (D:9)
  A basilisk (Lair:2)
  14 yaks
  2 death yak simulacra (IceCv)
  8 water moccasins
  3 hydra simulacra (IceCv)
  A sky beast (D:7)
  3 ice beasts
  A black bear (D:5)
  An ogre (D:6)
  7 orc warriors
  11 wolves
  2 phantoms
  4 centaurs
  5 kobold brigands
  9 gnoll sergeants
  4 two-headed ogre simulacra (IceCv)
  4 bullfrogs
  6 scorpions
  3 cane toad simulacra (IceCv)
  A wight (D:9)
  5 elephant simulacra (IceCv)
  10 electric eels
  4 jellies
  A bombardier beetle (D:4)
  11 hounds
  8 orc priests
  Crazy Yiuf (D:7)
  10 gnoll boudas
  6 iguanas
  Terence (D:3)
  15 orc wizards
  5 troll simulacra (IceCv)
  2 wolf simulacra (IceCv)
  7 spriggan simulacra (IceCv)
  2 polar bear simulacra (IceCv)
  9 adders
  35 gnolls
  6 naga simulacra (IceCv)
  A shadow imp (D:5)
  4 white imps (IceCv)
  9 ufetubi
  2 dart slugs
  7 ribbon worms
  47 orcs
  5 bats
  9 endoplasms
  2 giant cockroaches
  7 goblins
  6 hobgoblins
  5 jackals
  29 kobolds
  2 quokkas
  2 ball pythons
  A frilled lizard (D:1)
  3 rats (D:1)
  A fulminant prism (D:10)
398 creatures vanquished.

Vanquished Creatures (others)
  6 foxfires (Lair:2)
  55 fulminant prisms
61 creatures vanquished.

Grand Total: 459 creatures vanquished

Notes
Turn   | Place    | Note
-------+----------+-------------------------------------------
     0 | D:1      | Armakuni the Deep Elf Gladiator began the quest for the
                  | Orb.
     0 | D:1      | Reached XP level 1. HP: 12/12 MP: 3/3
   106 | D:1      | Reached XP level 2. HP: 17/17 MP: 4/4
   283 | D:1      | Reached skill level 1 in Spellcasting
   310 | D:1      | Learned a level 2 spell: Searing Ray
   408 | D:1      | Reached XP level 3. HP: 19/21 MP: 6/6
   413 | D:1      | Reached skill level 1 in Conjurations
  1116 | D:2      | Reached XP level 4. HP: 26/26 MP: 5/8
  1124 | D:2      | Learned a level 4 spell: Fulminant Prism
  1521 | D:3      | Reached skill level 2 in Spellcasting
  1526 | D:3      | Noticed Terence
  1605 | D:3      | Gained mutation: You possess an exceptional clarity of
                  | mind. [potion of mutation]
  1605 | D:3      | Gained mutation: You are partially covered in iridescent
                  | scales. (AC +2) [potion of mutation]
  1872 | D:3      | Killed Terence
  1873 | D:3      | Reached skill level 3 in Spellcasting
  1939 | D:3      | Reached XP level 5. HP: 30/30 MP: 3/12
  2033 | D:3      | Identified the +8 spear of Yfane {vamp, rN+}
  2041 | D:3      | Found a faded altar of an unknown god.
  2085 | D:3      | Found a transporter.
  2089 | D:3      | Noticed ardi's ghost (weakling DESu)
  2139 | D:3      | Found a transporter.
  2554 | D:4      | Noticed a phantom
  2596 | D:3      | Learned a level 3 spell: Stone Arrow
  2732 | D:4      | Reached skill level 4 in Spellcasting
  2732 | D:4      | Reached skill level 1 in Earth Magic
  2732 | D:4      | Reached skill level 1 in Alchemy
  2797 | D:4      | Reached XP level 6. HP: 35/35 MP: 9/14
  3192 | D:5      | Entered Level 5 of the Dungeon
  3207 | D:5      | Reached skill level 5 in Spellcasting
  3321 | D:5      | Reached XP level 7. HP: 35/40 MP: 8/16
  3916 | D:5      | Learned a level 4 spell: Olgreb's Toxic Radiance
  4426 | D:5      | Found a staircase to the Ecumenical Temple.
  4437 | D:5      | Found Emochisyt's Armour Boutique.
  4437 | D:5      | Noticed an animated pearl dragon scales
  4437 | D:5      | Noticed an animated storm dragon scales
  4449 | Temple   | Entered the Ecumenical Temple
  4735 | D:6      | Reached skill level 6 in Spellcasting
  4735 | D:6      | Reached skill level 5 in Conjurations
  4738 | D:6      | Reached XP level 8. HP: 19/44 MP: 3/19
  4865 | D:6      | Identified the +0 chain mail of Fanuig {rF- rC+++ Will++
                  | Str+3}
  4910 | D:6      | Reached skill level 7 in Spellcasting
  5306 | D:6      | Reached skill level 8 in Spellcasting
  5900 | D:6      | Found an ancient bone altar of Kikubaaqudgha.
  6210 | D:7      | Reached skill level 9 in Spellcasting
  6252 | D:7      | Reached XP level 9. HP: 30/48 MP: 7/24
  6402 | D:7      | Found a radiant altar of Vehumet.
  6448 | D:7      | Became a worshipper of Vehumet
  6512 | D:7      | HP: 2/48 [gnoll sergeant/+0 spear of flaming (12)]
  6644 | D:7      | Found Pomnaeps's Antique Armour Shop.
  6655 | D:7      | Bought an embroidered scarf for 216 gold pieces
  6677 | D:7      | Reached skill level 10 in Spellcasting
  6821 | D:7      | Noticed sanka's ghost (novice TrMo)
  7131 | D:7      | Reached * piety under Vehumet
  7131 | D:7      | Offered knowledge of Shock by Vehumet.
  7311 | D:7      | Found a runed translucent gate.
  7311 | D:7      | Found a runed translucent gate.
  7312 | D:7      | Found a runed translucent gate.
  7316 | D:7      | Identified the +1 plate armour of the Lily {SInv}
  7493 | D:7      | Killed sanka's ghost
  7494 | D:7      | Reached skill level 10 in Conjurations
  7511 | D:7      | HP: 2/52 [gnoll sergeant/+0 spear of flaming (1)]
  8043 | D:7      | Found a runed translucent door.
  8044 | D:7      | Noticed Crazy Yiuf
  8048 | D:7      | Killed Crazy Yiuf
  8148 | D:8      | Reached XP level 10. HP: 50/58 MP: 26/26
  8210 | D:8      | Reached skill level 5 in Fighting
  8231 | D:8      | Offered knowledge of Momentum Strike by Vehumet.
  8324 | D:8      | Reached ** piety under Vehumet
  8379 | D:8      | Reached skill level 5 in Alchemy
  8384 | D:8      | Found a shimmering altar of Xom.
  8435 | D:8      | Found a bloodstained altar of Trog.
  8472 | D:8      | Noticed Jeremiah
  8474 | D:8      | Reached skill level 1 in Armour
  8483 | D:8      | Killed Jeremiah
  8618 | D:8      | Reached skill level 5 in Dodging
  9192 | D:8      | Reached skill level 1 in Evocations
  9274 | D:9      | Found an ornate altar of the Wu Jian Council.
  9296 | D:9      | Reached skill level 1 in Staves
  9415 | D:9      | Offered knowledge of Volatile Blastmotes by Vehumet.
  9536 | D:9      | Found a sparkling altar of Nemelex Xobeh.
  9537 | D:9      | Found an opulent altar of Gozag.
  9558 | D:9      | Identified the +0 pair of gloves of Dithmenos's Outrage
                  | {Fly Str+2}
  9596 | D:9      | Found a large runed translucent door.
  9596 | D:9      | Found a large runed translucent door.
  9618 | D:9      | Found a large runed translucent door.
  9618 | D:9      | Found a large runed translucent door.
  9824 | D:9      | Reached *** piety under Vehumet
 10066 | D:9      | Noticed a tengu warrior
 10077 | D:9      | Killed a tengu warrior
 10078 | D:9      | Reached XP level 11. HP: 45/63 MP: 5/27
 10259 | D:9      | Noticed a green ugly thing
 10263 | D:9      | Killed a green ugly thing
 10264 | D:9      | Reached skill level 5 in Evocations
 10333 | D:9      | Learned a level 5 spell: Freezing Cloud
 10360 | D:9      | Found a shimmering blue altar of Sif Muna.
 10637 | D:10     | Entered Level 10 of the Dungeon
 10641 | D:10     | Reached skill level 5 in Staves
 10683 | D:10     | Offered knowledge of Hailstorm by Vehumet.
 10710 | D:10     | Found a flagged portal.
 10737 | Bailey   | Entered a bailey
 10872 | Bailey   | Reached **** piety under Vehumet
 10889 | Bailey   | Offered knowledge of Frozen Ramparts by Vehumet.
 11241 | D:10     | Learned a level 4 spell: Ignite Poison
 11279 | D:10     | Reached skill level 1 in Fire Magic
 11393 | D:10     | Noticed a two-headed ogre
 11400 | D:10     | Killed a two-headed ogre
 11403 | D:10     | Reached skill level 11 in Spellcasting
 11589 | D:10     | Found a staircase to the Lair.
 11731 | D:10     | Found Laos's Weapon Emporium.
 11755 | D:10     | Noticed a green ugly thing
 11758 | D:10     | Killed a green ugly thing
 11934 | D:10     | Found a staircase to the Orcish Mines.
 12123 | D:5      | Bought the +1 cloak of Ryn Vowko {rElec} for 258 gold
                  | pieces
 12282 | Lair:1   | Entered Level 1 of the Lair of Beasts
 12292 | Lair:1   | Reached skill level 12 in Spellcasting
 12341 | Lair:1   | Found a transporter.
 12349 | Lair:1   | Noticed Lurrus's ghost (journeyman KoBr)
 12517 | Lair:1   | Reached ***** piety under Vehumet
 12517 | Lair:1   | Offered knowledge of Starburst by Vehumet.
 12532 | Lair:1   | Learned a level 6 spell: Starburst
 12669 | Lair:1   | Noticed Sonja
 12673 | Lair:1   | Sonja changed into Sonja the jelly
 12673 | Lair:1   | Noticed Sonja
 12674 | Lair:1   | Killed Sonja the jelly
 12886 | Lair:1   | Identified the +8 mace of Ointment {holy, Fly rElec Str+4}
 12937 | Lair:1   | Found a transporter.
 13003 | Lair:1   | Reached skill level 5 in Fire Magic
 13003 | Lair:1   | Reached XP level 12. HP: 68/68 MP: 25/30
 13304 | Lair:2   | Noticed a four-headed hydra
 13375 | Lair:2   | Noticed a six-headed hydra
 13419 | Lair:2   | Found a frozen archway.
 13425 | IceCv    | Entered an ice cave
 14374 | IceCv    | Noticed a reaper
 14391 | IceCv    | Killed a reaper
 14780 | IceCv    | Got the Discourse on the Icicle
 14831 | Lair:2   | Found a staircase to the Swamp.
 14837 | Lair:2   | Killed from afar by a will-o-the-wisp

Illustrated notes

Levels and vault maps discovered:
D:1:      amcnicky_arrival_choice, layout_basic, minmay_tiny_reverse_x
D:2:      layout_loops_ring, minmay_misc_feat_plants
D:3:      layout_loops_ring, gammafunk_ghost_gnarly_gnolls,
          chequers_ecumenical_altar_island, uniq_terence
D:4:      layout_cave_pools
D:5:      layout_cave_pods, minmay_temple_entry_drinking_statues, serial_shops,
          nicolae_shop_mannequins, nicolae_wormholes
D:6:      wander_river, layout_rooms, nicolae_overflow_crystal_walls,
          minmay_manual_mess
D:7:      layout_loops_ring, nicolae_vehumet_altar_sigil, serial_shops,
          nicolae_shop_overgrown_old_shop, biasface_ghost_orc_armoury,
          minmay_misc_feat_pillars, grunt_ministairs_5, uniq_crazy_yiuf_cottage
D:8:      layout_cave_pools, lemuel_coloured_pillars_altar,
          mainiacjoe_overflow_paths, serial_bayou, serial_bayou_pond_d,
          serial_bayou_pond_d, serial_bayou_crossing, serial_bayou_shore_a,
          serial_bayou_ford_a, uniq_jeremiah
D:9:      layout_cave_pools, grunt_temple_overflow_opulence,
          general_overflow_altar, nicolae_wu_jian_glorious_leap,
          minmay_strange_pillars, minmay_hollow_rounded_squares
D:10:     layout_basic, erik_lair_island, orc_0_dummy, serial_shops,
          nicolae_shop_pleasant_corner_grove, enter_bailey_4
Temple:   compressed_dpeg_circular_temple
Lair:1:   layout_roguey, nzn_ghost_randoct, uniq_sonja
Lair:2:   layout_cave_pods, minmay_swamp_entry_wisps,
          portal_ice_cave_entry_pillars_2, grunt_megastairs_4

Skill      XL: |  1  2  3  4  5  6  7  8  9 10 11 12 |
---------------+-------------------------------------+-----
Fighting       | 2 4 5 |  5.0
Spellcasting   | 1 3 4 5 6 9 10 12 | 12.9
Conjurations   | 2 3 4 5 7 10 | 10.0
Earth Magic    | 1 3 4 |  4.0
Alchemy        | 1 3 4 6 |  6.0
Armour         | 3 4 |  4.2
Dodging        | 5 |  5.0
Evocations     | 4 5 |  5.0
Staves         | 4 5 |  5.0
Ice Magic      | 3 |  3.0
Air Magic      | 3 |  3.0
Fire Magic     | 5 8 |  8.3
Short Blades   | |  3.4
Throwing       | |  2.0

Action                     |  1- 3 |  4- 6 |  7- 9 | 10-12 || total
---------------------------+-------+-------+-------+-------++-------
  Melee: Rapier            |   107 |    13 |       |       ||   120
         Punch             |     1 |     1 |     1 |       ||     3
         Dagger            |       |    36 |     6 |       ||    42
         Quarterstaff      |       |       |    45 |    64 ||   109
         Staff             |       |       |     7 |    20 ||    27
  Throw: Throwing net      |     4 |       |       |       ||     4
   Cast: Searing Ray       |     1 |    18 |    69 |    25 ||   113
         Stone Arrow       |       |       |    37 |   176 ||   213
         Fulminant Prism   |       |       |     9 |    47 ||    56
         Freezing Cloud    |       |       |       |     6 ||     6
  Evoke: Wand              |       |       |       |     7 ||     7
         Box of beasts     |       |       |       |     1 ||     1
         Phial of floods   |       |       |       |     1 ||     1
    Use: Scroll            |     1 |     6 |     6 |     4 ||    17
         Potion            |       |     2 |     4 |     3 ||     9
   Stab: Held in net/web   |     3 |       |       |       ||     3
         Sleeping          |     2 |     1 |       |       ||     3
 Armour: Leather armour    |    29 |    16 |       |    18 ||    63
         Robe              |       |    11 |   124 |    71 ||   206
         Troll leather arm |       |       |       |    70 ||    70
  Dodge: Dodged            |    94 |    47 |   170 |   160 ||   471
